 Dungeon Crawl Stone Soup version 0.28.0-49-g6dfe1f597d (webtiles) character file.

Game seed: 10141213617817286793

210 pkoi the Chiller (level 5, -1/39 HPs)
             Began as a Demigod Ice Elementalist on May 13, 2022.
             Slain by a phantom (3 damage)
             ... on level 4 of the Dungeon.
             The game lasted 00:07:39 (5799 turns).

pkoi the Chiller (Demigod Ice Elementalist)         Turns: 5799, Time: 00:07:40

Health: -1/39      AC:  3    Str:  9    XL:     5   Next: 31%
Magic:  12/12      EV: 12    Int: 21    God:
Gold:   154        SH:  0    Dex: 20    Spells: 0/10 levels left

rFire   . . .      SeeInvis .   d - +2 dagger (vamp)
rCold   . . .      Faith    .   (no shield)
rNeg    . . .      Spirit   .   a - +1 robe
rPois   .          Reflect  .   (no helmet)
rElec   .          Harm     .   (no cloak)
rCorr   .          Rampage  .   (no gloves)
Will    .....                   (no boots)
Stlth   ++........              h - amulet of the acrobat
HPRegen 0.13/turn               n - +6 ring of dexterity
MPRegen 0.13/turn               (no ring)

@: no status effects
A: high MP 1, forlorn, divine attributes
a: no special abilities


You were on level 4 of the Dungeon.
You visited 1 branch of the dungeon, and saw 4 of its levels.

You collected 154 gold pieces.

Inventory:

Hand Weapons
 b - a +0 dagger
 d - a +2 vampiric dagger (weapon)
 e - a +0 long sword
Missiles
 g - 8 poisoned darts
Armour
 a - a +1 robe (worn)
Jewellery
 h - an amulet of the acrobat (around neck)
 l - a ring of fire
 n - a +6 ring of dexterity (left hand)
Scrolls
 i - a scroll of amnesia
 j - a scroll of enchant armour
 k - 2 scrolls of torment
 p - a scroll of teleportation
Potions
 c - 2 potions of resistance {unknown}
 f - a potion of flight


   Skills:
 - Level 0.4 Fighting
 + Level 0.0 Short Blades
 - Level 1.7 Dodging
 - Level 1.7 Stealth
 + Level 3.0 Spellcasting
 + Level 0.3 Conjurations
 - Level 5.4 Ice Magic
 - Level 0.2 Air Magic
 - Level 0.3 Poison Magic


You couldn't memorise any spells.
You knew the following spells:

 Your Spells              Type           Power      Damage    Failure   Level
a - Freeze                Ice            100%       1d11      1%          1
b - Frozen Ramparts       Ice            50%        1d7       4%          3
c - Ozocubu's Armour      Ice            25%        N/A       4%          3
d - Mephitic Cloud        Conj/Pois/Air  4%         N/A       34%         3

Your spell library contained the following spells:

 Spells                   Type           Power      Damage    Failure   Level
 Ensorcelled Hibernation  Hex/Ice        28%        N/A       7%          2
 Ignite Poison            Fire/Tmut/Pois 3%         N/A       36%         3
 Spider Form              Tmut/Pois      3%         N/A       36%         3
 Hailstorm                Conj/Ice       15%        3d5       38%         4
 Anguish                  Hex/Necr       1%         N/A       78%         4
 Freezing Cloud           Conj/Ice/Air   5%         6-21      85%         5


Dungeon Overview and Level Annotations

Branches:
Dungeon (4/15)
 Temple: D:4-7


Innate Abilities, Weirdness & Mutations

You have an increased reservoir of magic. (+10% MP)
You shall have no god before yourself.
Your divine heritage dramatically boosts your attributes as you level up.


Message History

You barely miss the phantom.
The phantom is heavily damaged.
The phantom hits you.
* * * LOW HITPOINT WARNING * * *
You barely miss the phantom.
The phantom is heavily damaged.
The phantom barely misses you.
You hit the phantom.
The phantom is severely damaged.
The phantom misses you.
You hit the phantom.
The phantom is severely damaged.
The phantom barely misses you.
You barely miss the phantom.
The phantom is severely damaged.
The phantom misses you.
You hit the phantom.
The phantom is severely damaged.
The phantom hits you but does no damage.
You closely miss the phantom.
The phantom is severely damaged.
The phantom hits you.
* * * LOW HITPOINT WARNING * * *
The phantom blinks!
You blink.
You hit the phantom but do no damage.
The phantom is severely damaged.
The phantom hits you.
* * * LOW HITPOINT WARNING * * *
The phantom blinks!
You blink.
The phantom completely misses you.
You barely miss the phantom.
The phantom is severely damaged.
The phantom hits you but does no damage.
Found a leather armour.
The phantom hits you!
* * * LOW HITPOINT WARNING * * *
You see here a +0 long sword.
e - a +0 long sword The phantom hits you.
You die...

.###........####.#'#####.........
#....##..##.##.#.#... +.........
....###<.........#.### #..###....
...## #.........##[# #..####.†.
#..# #..........#.###.#..#.##..#
..## #.#..###...'.....#........#
#. ###.###....#####+#......... #.
#... #...W................ ..
......#...@..#..##......... ..
..............##.##......(.. ..
#.##.#.[..........#......... .#
#...##...##......♣.≈≈.. ....#
##... #....≈≈.≈P≈. ....
#........≈≈P.≈≈≈≈ ...
###.....≈P≈≈.P≈≈≈ .#
.....♣≈≈≈.≈P≈♣ ..♣≈P≈.≈PP♣


You could see a phantom.

Vanquished Creatures
  2 iguanas (D:4)
  An orc wizard (D:4)
  4 adders
  An ufetubus (D:4)
  4 worms
  7 dart slugs
  3 orcs (D:4)
  5 endoplasms
  5 goblins
  6 hobgoblins
  6 jackals
  6 kobolds
  2 quokkas
  6 ball pythons
  3 frilled lizards
  7 rats
68 creatures vanquished.

Vanquished Creatures (others)
  2 fungi (D:4)
  6 plants (D:4)
8 creatures vanquished.

Grand Total: 76 creatures vanquished

Notes
Turn   | Place    | Note
-------+----------+-------------------------------------------
     0 | D:1      | pkoi the Demigod Ice Elementalist began the quest for the
                  | Orb.
     0 | D:1      | Reached XP level 1. HP: 14/14 MP: 5/5
   788 | D:1      | Reached skill level 4 in Ice Magic
   788 | D:1      | Reached XP level 2. HP: 16/18 MP: 4/7
  1785 | D:2      | Reached XP level 3. HP: 18/26 MP: 2/9
  3254 | D:3      | Reached XP level 4. HP: 27/33 MP: 8/10
  4233 | D:4      | Reached skill level 5 in Ice Magic
  4827 | D:4      | Identified a scroll of acquirement
  4827 | D:4      | Acquired a Trismegistus Codex
  5154 | D:4      | Noticed a phantom
  5186 | D:3      | Reached XP level 5. HP: 38/38 MP: 9/12
  5190 | D:3      | Learned a level 3 spell: Frozen Ramparts
  5194 | D:3      | Learned a level 3 spell: Ozocubu's Armour
  5198 | D:3      | Learned a level 3 spell: Mephitic Cloud
  5599 | D:4      | Saw a vision of the Swamp and the Spider Nest.
  5599 | D:4      | Noticed a swamp drake
  5599 | D:4      | Noticed a goliath frog
  5599 | D:4      | Noticed a redback
  5599 | D:4      | Noticed a redback
  5599 | D:4      | Noticed a redback
  5599 | D:4      | Noticed a redback
  5599 | D:4      | Noticed a wolf spider
  5599 | D:4      | Noticed a wolf spider
  5600 | D:4      | Noticed a goliath frog
  5600 | D:4      | Noticed an alligator
  5600 | D:4      | Noticed a redback
  5600 | D:4      | Noticed a redback
  5799 | D:4      | Slain by a phantom

Illustrated notes

Levels and vault maps discovered:
D:1:      sevenhm_arrival_forest_fort_small_4, layout_loops_cross
D:2:      minmay_evil_eye, layout_basic, basic_altar
D:3:      layout_basic, nicolae_overflow_hallway_of_the_gods, roderic_lattice_a,
          kennysheep_cluttered_room
D:4:      layout_cave_pools, grunt_ashenzari_visionary
          [grunt_ashenzari_visionary_swamp, grunt_ashenzari_visionary_spider],
          minmay_misc_feat_encased, serial_bayou_lagoon_b

Skill      XL: |  1  2  3  4 |
---------------+-------------+-----
Spellcasting   | 2 3 |  3.0
Ice Magic      | 4 5 |  5.4
Fighting       | |  0.4
Dodging        | |  1.7
Stealth        | |  1.7
Conjurations   | |  0.3
Air Magic      | |  0.2
Poison Magic   | |  0.3

Action                   |  1- 3 |  4- 6 || total
-------------------------+-------+-------++-------
Melee: Dagger            |    25 |    36 ||    61
 Cast: Freeze            |    63 |    39 ||   102
       Ozocubu's Armour  |       |     4 ||     4
       Frozen Ramparts   |       |     3 ||     3
  Use: Scroll            |       |     7 ||     7
 Stab: Sleeping          |     3 |       ||     3
Armor: Robe              |     6 |    10 ||    16
Dodge: Dodged            |    55 |    41 ||    96
